 Dungeon Crawl Stone Soup version 0.22-a0-458-gb446440 (webtiles) character file.

22 xccam the Shooter (level 2, -1/24 HPs)
             Began as a Centaur Hunter on June 8, 2018.
             Slain by a kobold
             ... wielding a +1 whip of electrocution
              (18 damage)
             ... on level 2 of the Dungeon.
             The game lasted 00:01:49 (1080 turns).

xccam the Shooter (Centaur Hunter)                  Turns: 1080, Time: 00:01:50

Health: -1/24      AC:  7    Str: 14    XL:     2   Next: 68%
Magic:  2/2        EV:  4    Int: 10    God:
Gold:   19         SH:  0    Dex:  9    Spells: 1/1 levels left

rFire    . . .     SeeInvis .   a - +1 shortbow
rCold    . . .     Gourm    .   (shield currently unavailable)
rNeg     . . .     Faith    .   i - +0 chain mail
rPois    .         Spirit   .   (no helmet)
rElec    .         Reflect  .   (no cloak)
rCorr    .         Harm     .   (no gloves)
MR       .....                  (no barding)
Stlth    ..........             (no amulet)
HPRegen  0.08/turn              (no ring)
MPRegen  0.08/turn              (no ring)

@: very quick
A: large, hooves 3, deformed body, speed 2, tough skin 3
a: no special abilities


You were on level 2 of the Dungeon.
You were not hungry.

You visited 1 branch of the dungeon, and saw 2 of its levels.

You collected 19 gold pieces.

Inventory:

Hand Weapons
 a - a +1 shortbow (weapon)
 b - a +0 short sword
Missiles
 d - 2 arrows (quivered)
Armour
 i - a +0 chain mail (worn)
Scrolls
 g - a scroll of identify {unknown}
 j - 2 scrolls of remove curse {unknown}
 k - a scroll of amnesia {unknown}
Potions
 c - a potion of agility {unknown}
 e - a potion of berserk rage {unknown}
 h - a potion of heal wounds {unknown}
 m - a potion of brilliance {unknown}
Comestibles
 f - 3 rations


   Skills:
 - Level 2.0 Fighting
 + Level 6.4 Bows
 - Level 1.3 Dodging
 - Level 0.4 Stealth


You had one spell level left.
You didn't know any spells.
Your spell library was empty.

Dungeon Overview and Level Annotations

Branches:
Dungeon (2/15)

Altars:
Ashenzari


Innate Abilities, Weirdness & Mutations

You have hooves in place of feet.
Armour fits poorly on your strangely shaped body.
You cover ground very quickly.
You have extremely tough skin. (AC +3)


Message History

The adder bites you but does no damage.
The frilled lizard bites you but does no damage.
The kobold hits you with a whip of electrocution.
The adder barely misses you.
Firing (i - inventory)
d - 4 arrows (quivered)
Press: ? - help, Shift-Dir - straight line, f/p - adder
Aim: an adder (almost dead)
You shoot an arrow. The arrow misses the adder.
The frilled lizard bites you but does no damage.
The adder bites you but does no damage. The kobold hits you but does no damage.
Firing (i - inventory)
d - 3 arrows (quivered)
Press: ? - help, Shift-Dir - straight line, f/p - adder
Aim: an adder (almost dead)
You shoot an arrow. The arrow closely misses the adder.
A jackal comes into view.
The adder bites you but does no damage.
The frilled lizard bites you but does no damage.
The kobold hits you but does no damage.
You are electrocuted!
Ouch! That really hurt!
You die...

##+##
##...##
##.....##
##.......##
#<....@...#
+.(..lSK..+
#.........#
##...h(..##
##....(##
##(((##
.......#+##
######h ..


You could see an adder, 2 jackals, a kobold and a frilled lizard.

Vanquished Creatures
  An ooze (D:1)
  A dart slug (D:1)
  A leopard gecko (D:1)
  2 goblins (D:1)
  2 hobgoblins (D:1)
  3 kobolds (D:1)
  3 bats (D:1)
  A frilled lizard (D:1)
  2 rats (D:1)
16 creatures vanquished.

Notes
Turn   | Place    | Note
-------+----------+-------------------------------------------
     0 | D:1      | xccam the Centaur Hunter began the quest for the Orb.
     0 | D:1      | Reached XP level 1. HP: 17/17 MP: 1/1
   143 | D:1      | Found a shattered altar of Ashenzari.
   241 | D:1      | Reached XP level 2. HP: 24/24 MP: 2/2
   260 | D:1      | Reached skill level 6 in Bows
  1080 | D:2      | Slain by a kobold

Vault maps used:
D:1:      scummos_arrival_star, hex_tiny, hex_medium, evilmike_ruin_ashenzari

Skill      XL: |  1  2 |
---------------+-------+-----
Bows           | 6 |  6.4
Fighting       | |  2.0
Dodging        | |  1.3
Stealth        | |  0.4

Action                   || total
-------------------------++-------
 Fire: Shortbow          ||    71
Armor: Leather armour    ||     2
       Chain mail        ||    29
Dodge: Dodged            ||    18

Table legend:
 A = Spawn XP
 B = Non-spawn XP
 C = Spawn XP percentage of total XP
 D = Spawn monster count
 E = Non-spawn monster count
 F = Spawn count percentage of total count
 G = Total turns spent on level
                    A         B        C        D         E        F      G
               +---------+---------+-------+---------+---------+-------+---------
         Total |       0 |      32 |   0.0 |       0 |      16 |   0.0 |  1080
               +---------+---------+-------+---------+---------+-------+---------
           D:1 |       0 |      32 |   0.0 |       0 |      16 |   0.0 |  1051
               +---------+---------+-------+---------+---------+-------+---------
